 Dungeon Crawl Stone Soup version 0.27-a0-1502-g47ed6a6988 (webtiles) character file.

Game seed: 6420339937112266332

60 HoaS the Ruffian (level 3, 0/29 HPs)
             Began as a Demigod Gladiator on July 9, 2021.
             Slain by an orc priest (4 damage)
             ... on level 3 of the Dungeon.
             The game lasted 00:03:45 (2664 turns).

HoaS the Ruffian (Demigod Gladiator)                Turns: 2664, Time: 00:03:46

Health: 0/29       AC:  8    Str: 19    XL:     3   Next: 57%
Magic:  5/5        EV: 10    Int: 10    God:
Gold:   82         SH:  0    Dex: 15    Spells: 2/2 levels left

rFire    . . .     SeeInvis .     - Unarmed
rCold    . . .     Faith    .   (no shield)
rNeg     . . .     Spirit   .   h - +0 scale mail
rPois    .         Reflect  .   b - +0 helmet
rElec    .         Harm     .   (no cloak)
rCorr    .         Rampage  .   (no gloves)
Will     .....                  g - +0 pair of boots
Stlth    ..........             (no amulet)
HPRegen  0.09/turn              (no ring)
MPRegen  0.09/turn              (no ring)

@: no status effects
A: high mp 1, forlorn
a: no special abilities


You were on level 3 of the Dungeon.
You visited 1 branch of the dungeon, and saw 3 of its levels.

You collected 82 gold pieces.

Inventory:

Missiles
 c - 3 throwing nets (quivered)
Armour
 b - a +0 helmet (worn)
 g - a +0 pair of boots (worn)
 h - a +0 scale mail (worn)
Potions
 a - 2 potions of magic {unknown}
 d - 2 potions of curing {unknown}
 f - 2 potions of degeneration {unknown}


   Skills:
 - Level 1.7 Fighting
 - Level 1.7 Throwing
 - Level 2.6 Dodging
 + Level 4.3 Unarmed Combat


You had 2 spell levels left.
You didn't know any spells.
Your spell library was empty.

Dungeon Overview and Level Annotations

Branches:
Dungeon (3/15)


Innate Abilities, Weirdness & Mutations

Your attributes grow dramatically as you level up.
You have an increased reservoir of magic. (+10% MP)
You shall have no god before yourself.


Message History

You hit the orc priest but do no damage.
The orc priest is heavily wounded.
The orc priest completely misses you.
You hit the orc priest but do no damage.
The orc priest is heavily wounded.
The orc priest hits you but does no damage.
You barely miss the orc priest.
The orc priest is heavily wounded.
You hit the orc but do no damage. You hit the orc.
The orc is lightly wounded.
The orc hits you with a +0 whip.
You hit the orc.
The orc is heavily wounded.
The orc misses you.
You closely miss the orc.
The orc is heavily wounded.
The orc barely misses you.
You hit the orc but do no damage.
The orc is heavily wounded.
An orc comes into view. It is wielding a +0 falchion.
The orc priest begins to cast a cantrip, but forgets the words!
The orc hits you with a +0 whip.
You hit the orc.
You kill the orc!
The orc throws a boomerang.
The boomerang barely misses you.
You hit the orc priest but do no damage.
The orc priest is heavily wounded.
The orc priest hits you with a +0 club.
* * * LOW HITPOINT WARNING * * *
You barely miss the orc priest.
The orc priest is heavily wounded.
The orc priest closely misses you.
You hit the orc priest but do no damage.
The orc priest is heavily wounded.
The orc priest barely misses you.
You hit the orc priest but do no damage.
The orc priest is heavily wounded.
The orc priest hits you with a +0 club.
You die...

########.# #...#.##
#........#####.#.....
#............#####.#.
#...).....†........#.
.#######.......####.########
.......#..(....##...........
.......#..oo...#############
.......##.#o#...............
..........#@#########....###
........###.# #....#
........# #.# ######
.>.oo>..# #.# ...####.# #.#
.o #.# #.# o ..# #.# ### #.#
#.#


You could see an orc priest and 2 orcs.

Vanquished Creatures
  An adder (D:3)
  A dart slug (D:2)
  3 orcs (D:3)
  3 endoplasms
  A giant cockroach (D:3)
  4 goblins
  5 hobgoblins
  6 jackals (D:1)
  2 kobolds
  4 ball pythons
  3 bats
  2 frilled lizards (D:2)
  7 rats
42 creatures vanquished.

Notes
Turn   | Place    | Note
-------+----------+-------------------------------------------
     0 | D:1      | HoaS the Demigod Gladiator began the quest for the Orb.
     0 | D:1      | Reached XP level 1. HP: 17/17 MP: 3/3
    98 | D:1      | Reached skill level 3 in Unarmed Combat
   491 | D:1      | Reached XP level 2. HP: 24/24 MP: 4/4
  1502 | D:2      | Reached XP level 3. HP: 20/29 MP: 5/5
  1678 | D:2      | Reached skill level 4 in Unarmed Combat
  2664 | D:3      | Slain by an orc priest

Illustrated notes

Levels and vault maps discovered:
D:1:      nagdon_arrival_zigzag_paths, layout_loops_ring
D:2:      layout_loops_cross, basic_altar, st_stairs_14, minmay_misc_feat_doors
D:3:      layout_basic, dilly_ecumenical_altar_fadedgnrine

Skill      XL: |  1  2  3 |
---------------+----------+-----
Unarmed Combat | 3 4 |  4.3
Fighting       | |  1.7
Throwing       | |  1.7
Dodging        | |  2.6

Action                   || total
-------------------------++-------
Melee: Unarmed           ||   203
       Punch             ||     1
  Use: Scroll            ||     3
 Stab: Sleeping          ||     1
Armor: Leather armour    ||    30
       Ring mail         ||    15
       Scale mail        ||    13
Dodge: Dodged            ||   104

Table legend: (Time is in decaauts)
 A = Elapsed time spent in this place.
 B = Non-inter-level travel time spent in this place.
 C = Inter-level travel time spent in this place.
 D = Time resting spent in this place.
 E = Time spent auto-exploring this place.
 F = Levels seen in this place.
 G = Mean time per level.
                   A        B        C        D        E       F      G
               +--------+--------+--------+--------+--------+-----+--------+
         Total |   2649 |   2564 |     85 |    890 |   1284 |   3 |  883.0 |
       Dungeon |   2649 |   2564 |     85 |    890 |   1284 |   3 |  883.0 |
               +--------+--------+--------+--------+--------+-----+--------+

Top non-repeatable levels by time:
     D:1: 1277 daAuts
     D:2: 843 daAuts
     D:3: 528 daAuts
